Map: Thunderbird LE

Players

Clem - Winner!

  • Race: Terran Terran
  • Spawn Location: 11:00

Scarlett

  • Race: Zerg Zerg
  • Spawn Location: 5:00

VOD

Have the link to the VOD?

Description

Time

  • Played on: Sept. 6, 2019, 8:19 p.m.
  • Length: 8:58
Show
View Real Time Build Order
Export as new Build Order

Clem Terran - Winner!

Build Orders: Liberator Opening, Reaper Expand 

Get SALT Encoding   

  12  0:00  SCV  
  13  0:12  SCV  
  14  0:17  Supply Depot  
  14  0:24  SCV  
  15  0:38  SCV  
  15  0:40  Barracks  
  16  0:44  Refinery  
  16  0:50  SCV  
  17  1:02  SCV  
  18  1:14  SCV  
  19  1:27  Orbital Command, Reaper  
  20  1:39  Command Center  
  20  1:46  Supply Depot  
  20  1:53  SCV  
  21  1:59  Marine  
  22  2:05  SCV  
  22  2:08  Factory  
  23  2:15  Refinery  
  23  2:18  SCV  
  23  2:21  Barracks Reactor  
  24  2:30  SCV  
  25  2:42  SCV  
  26  2:53  Starport  
  26  2:54  SCV, Orbital Command  
  27  3:01  Hellion x2  
  27  3:03  Engineering Bay  
  30  3:09  SCV  
  30  3:18  Liberator  
  28  3:21  SCV  
  28  3:24  SCV  
  30  3:30  Hellion x2  
  34  3:38  SCV  
  34  3:40  SCV  
  39  3:47  Supply Depot  
  39  3:51  SCV  
  39  3:53  SCV  
  39  3:55  Hellion  
  42  4:03  SCV  
  42  4:05  SCV  
  40  4:10  Barracks Tech Lab  
  40  4:13  Supply Depot  
  40  4:15  SCV  
  41  4:17  SCV  
  41  4:18  Hellion x2  
  46  4:27  SCV  
  46  4:29  SCV, Starport Reactor  
  48  4:33  Stimpack  
  48  4:35  Supply Depot  
  48  4:39  Marine, SCV  
  48  4:41  SCV  
  51  4:46  Command Center  
  51  4:51  SCV  
  52  4:53  SCV  
  52  4:57  Marine  
  54  5:01  Barracks x2  
  54  5:03  SCV  
  55  5:08  Factory Tech Lab  
  55  5:09  SCV  
  53  5:14  Marine  
  53  5:15  Starport Reactor  
  53  5:19  SCV, Engineering Bay  
  53  5:20  Engineering Bay  
  53  5:21  SCV  
  56  5:24  Supply Depot  
  56  5:28  Refinery  
  56  5:29  Siege Tank  
  56  5:30  Refinery  
  56  5:31  SCV  
  56  5:34  SCV  
  61  5:36  Marine  
  62  5:44  SCV  
  62  5:46  SCV  
  62  5:48  Supply Depot  
  64  5:50  Marine x2  
  64  5:52  Terran Infantry Armor Level 1, Terran Infantry Weapons Level 1  
  64  5:54  Marine  
  64  5:56  SCV  
  68  5:58  Marine  
  68  5:59  Marine  
  68  6:02  Medivac  
  72  6:04  Medivac  
  72  6:07  SCV  
  72  6:08  Marine, SCV  
  72  6:09  Marine  
  78  6:12  Marine  
  78  6:14  Siege Tank  
  82  6:19  SCV  
  82  6:20  SCV  
  82  6:22  Marine, Combat Shield  
  82  6:23  Marine  
  86  6:26  Marine  
  86  6:29  Supply Depot  
  86  6:30  Barracks  
  87  6:34  Barracks  
  87  6:39  SCV  
  89  6:40  SCV  
  89  6:42  Orbital Command  
  89  6:44  Marine x3  
  89  6:46  Marine  
  93  6:50  Siege Tank  
  93  6:53  SCV x2  
  98  6:55  Supply Depot  
  98  6:57  Marine  
  99  7:02  Marine x2  
  99  7:05  Marine x2, SCV  
  99  7:08  SCV  
  105  7:10  Armory  
  105  7:13  SCV  
  105  7:15  Marine  
  107  7:17  SCV  
  107  7:20  Marine x2, SCV  
  107  7:22  Siege Tank, Barracks Reactor  
  115  7:23  Barracks Reactor  
  115  7:24  Marine, Supply Depot  
  115  7:25  SCV  
  115  7:29  SCV  
  115  7:32  SCV  
  115  7:35  Supply Depot  
  116  7:39  Marine  
  117  7:45  Factory, Refinery  
  117  7:46  Marine x3, Medivac x2  
  117  7:47  SCV  
  125  7:56  Marine x2  
  125  7:57  SCV x2  
  125  7:58  Supply Depot  
  129  8:04  Marine x3, Supply Depot  
  132  8:07  SCV  
  133  8:18  Supply Depot, Refinery  
  133  8:19  Marine  
  138  8:20  Siege Tank, SCV  
  138  8:21  Marine x3  
  141  8:29  Supply Depot, Factory Reactor  
  141  8:30  Marine x2  
  141  8:31  SCV x2  
  141  8:32  Marine x2  
  147  8:40  Missile Turret  
  147  8:41  Missile Turret x2  
Show
View Real Time Build Order
Export as new Build Order

Scarlett Zerg 

Build Orders: Hatch First, Muta Ling Bane 

Get SALT Encoding   

  12  0:00  Drone  
  13  0:12  Overlord  
  13  0:16  Drone  
  14  0:30  Drone  
  14  0:31  Drone  
  16  0:47  Hatchery  
  15  0:51  Drone  
  15  0:54  Drone  
  17  0:57  Drone  
  18  1:08  Extractor  
  17  1:12  Spawning Pool  
  17  1:15  Drone  
  17  1:19  Drone  
  18  1:27  Drone  
  19  1:38  Drone  
  20  1:49  Drone  
  21  1:59  Queen x2  
  21  2:00  Zergling x4  
  27  2:19  Overlord, Drone  
  28  2:32  Drone  
  28  2:34  Metabolic Boost  
  28  2:36  Queen x2  
  28  2:42  Drone x4  
  36  3:05  Overlord  
  36  3:15  Overlord, Hatchery  
  36  3:18  Drone  
  36  3:19  Overlord  
  34  3:22  Drone x2  
  34  3:23  Drone x3  
  39  3:29  Drone  
  39  3:32  Pneumatized Carapace  
  40  3:34  Drone  
  40  3:37  Drone  
  42  3:46  Zergling x6  
  42  3:48  Drone x4  
  46  3:53  Evolution Chamber  
  43  4:03  Drone x3  
  43  4:08  Drone  
  45  4:13  Drone  
  46  4:23  Drone x5  
  51  4:26  Queen  
  55  4:33  Drone x3  
  55  4:35  Queen  
  55  4:37  Lair  
  58  4:40  Zergling x8  
  58  4:45  Overlord  
  62  4:55  Drone x4  
  66  5:02  Spore Crawler  
  64  5:12  Zergling x2  
  64  5:13  Zergling x10  
  64  5:14  Drone x3  
  67  5:16  Drone  
  67  5:21  Drone  
  67  5:25  Baneling Nest, Evolution Chamber, Drone  
  67  5:26  Evolution Chamber, Extractor x2  
  67  5:27  Drone  
  64  5:30  Extractor  
  64  5:33  Drone x4  
  67  5:38  Drone x4  
  71  5:44  Drone  
  71  5:45  Drone  
  73  5:53  Overlord, Drone  
  73  5:54  Overlord, Zerg Melee Weapons Level 1  
  73  5:55  Zerg Ground Armor Level 1  
  74  6:01  Hatchery  
  73  6:05  Overlord  
  73  6:06  Drone  
  73  6:09  Overlord, Extractor x2  
  72  6:13  Overlord, Drone  
  72  6:14  Drone x2  
  72  6:16  Drone  
  72  6:17  Drone  
  77  6:22  Drone x5  
  82  6:29  Drone x3  
  82  6:30  Drone x3  
  82  6:31  Baneling x3  
  88  6:35  Centrifical Hooks  
  88  6:38  Zergling x2  
  88  6:39  Zergling x4  
  91  6:44  Overseer  
  91  6:46  Spire  
  90  6:48  Zergling x6  
  93  6:57  Zergling x2, Baneling x8  
  93  6:58  Zergling x10  
  99  7:01  Zergling x6  
  99  7:02  Zergling x2  
  99  7:06  Zergling x4  
  105  7:14  Zergling x4  
  107  7:20  Zergling x10  
  107  7:21  Overlord  
  110  7:24  Zergling x8  
  113  7:30  Zergling x10  
  113  7:36  Drone x2  
  120  7:42  Overlord  
  120  7:43  Drone  
  121  7:50  Drone x5  
  125  7:59  Hatchery  
  125  8:02  Mutalisk x5  
  125  8:04  Overlord x3  
  125  8:05  Overlord  
  134  8:11  Infestation Pit  
  133  8:13  Overlord  
  133  8:24  Mutalisk x4  
  133  8:25  Zergling x2  
  133  8:26  Zergling x14  
  149  8:30  Zergling x2  
Tags
 
Add a new tag
Caveats
  • Supply blocks, unpowered buildings, or Contaminate may cause inaccurate times.
  • Supply counts are checked every 10 seconds.